 Dungeon Crawl Stone Soup version 0.24-a0-580-g6a6c3f83c1 (webtiles) character file.

Game seed: 13146008129767014248

63 Burgietje the Skirmisher (level 4, -2/30 HPs)
             Began as a Gargoyle Fighter on Aug 22, 2019.
             Slain by a river rat (4 damage)
             ... on level 3 of the Dungeon.
             The game lasted 00:01:53 (1440 turns).

Burgietje the Skirmisher (Gargoyle Fighter)         Turns: 1440, Time: 00:01:54

Health: -2/30      AC: 10    Str: 20    XL:     4   Next: 9%
Magic:  4/4        EV:  7    Int:  9    God:
Gold:   173        SH:  9    Dex:  9    Spells: 3/3 levels left

rFire    . . .     SeeInvis .   a - +0 war axe
rCold    . . .     Gourm    .   c - +0 shield
rNeg     + . .     Faith    .   b - +0 scale mail
rPois    ∞         Spirit   .   (no helmet)
rElec    +         Reflect  .   (no cloak)
rCorr    .         Harm     .   (no gloves)
MR       .....                  (no boots)
Stlth    ..........             (no amulet)
HPRegen  0.10/turn              (no ring)
MPRegen  0.09/turn              (no ring)

@: very slow
A: negative energy resistance 1, electricity resistance, unbreathing,
petrification resistance, rot immunity, AC +3
a: no special abilities


You were on level 3 of the Dungeon.
You were not hungry.

You visited 1 branch of the dungeon, and saw 3 of its levels.

You collected 173 gold pieces.

Inventory:

Hand Weapons
 a - a +0 war axe (weapon)
Armour
 b - a +0 scale mail (worn)
 c - a +0 shield (worn)
Jewellery
 k - an uncursed amulet of guardian spirit {unknown}
 n - an uncursed ring of protection from cold {unknown}
Scrolls
 e - a scroll of blinking {unknown}
 g - a scroll of magic mapping {unknown}
 i - a scroll of amnesia {unknown}
 l - 2 scrolls of teleportation {unknown}
 m - 3 scrolls of remove curse {unknown}
 o - a scroll of enchant weapon {unknown}
 q - 5 scrolls of identify {unknown}
 t - a scroll of enchant armour {unknown}
 v - 2 scrolls of immolation {unknown}
 w - a scroll of random uselessness {unknown}
Potions
 d - 2 potions of might
 j - a potion of curing {unknown}
 p - a potion of agility {unknown}
 r - a potion of lignification {unknown}
 s - a potion of haste {unknown}
 u - a potion of flight {unknown}
Comestibles
 f - 8 rations


   Skills:
 + Level 4.4 Fighting
 + Level 3.0 Axes
 - Level 3.2 Armour
 - Level 3.2 Shields


You had 3 spell levels left.
You didn't know any spells.
Your spell library was empty.

Dungeon Overview and Level Annotations

Branches:
Dungeon (3/15)

Altars:
Uskayaw
The Shining One


Innate Abilities, Weirdness & Mutations

You are resistant to torment.
Your stone body is resilient. (AC +3)
You are immune to poison.
You resist negative energy. (rN+)
You are resistant to electric shocks. (rElec)
You can survive without breathing.
You are immune to petrification.
You are immune to rotting.


Message History

The river rat bites you.
* * * LOW HITPOINT WARNING * * *
The river rat misses you.
Your unstable footing causes you to fumble your attack.
The river rat barely misses you.
Your unstable footing causes you to fumble your attack.
The river rat bites you.
* * * LOW HITPOINT WARNING * * *
You closely miss the river rat.
The river rat is moderately wounded.
The river rat barely misses you. The river rat bites you.
* * * LOW HITPOINT WARNING * * *
Your unstable footing causes you to fumble your attack.
The river rat barely misses you.
Your unstable footing causes you to fumble your attack.
The river rat closely misses you.
You closely miss the river rat.
The river rat is moderately wounded.
The river rat bites you.
You die...

#≈ #≈ #≈ #≈ #≈
##### #≈ ##...#
#r########....#
######@≈....≈≈#...#
#....##########...#
#.######..........#
#.##..............#
####....#
#..........#
#####....####
#..........#
#.........##
####.#######
#.###'###..# #.#
####.# #.# #..# #.#


You could see a river rat.

Vanquished Creatures
  An adder (D:2)
  2 oozes (D:1)
  A worm (D:2)
  2 dart slugs
  2 orcs
  2 giant cockroaches
  3 goblins
  7 hobgoblins
  2 ball pythons
  4 bats
  6 frilled lizards
  2 kobolds
  4 rats
38 creatures vanquished.

Notes
Turn   | Place    | Note
-------+----------+-------------------------------------------
     0 | D:1      | Burgietje the Gargoyle Fighter began the quest for the Orb.
     0 | D:1      | Reached XP level 1. HP: 14/14 MP: 1/1
   220 | D:1      | Reached XP level 2. HP: 19/19 MP: 2/2
   301 | D:1      | Reached XP level 3. HP: 18/24 MP: 3/3
   553 | D:1      | Reached skill level 4 in Fighting
   655 | D:2      | Found a hide-covered altar of Uskayaw.
  1187 | D:3      | Reached XP level 4. HP: 28/30 MP: 4/4
  1319 | D:3      | Found a glowing golden altar of the Shining One.
  1440 | D:3      | Slain by a river rat

Levels and vault maps discovered:
D:1:      onia_arrival_mini_spirals, layout_loops_ring
D:2:      layout_rooms, nicolae_overflow_crystal_walls
D:3:      layout_rooms, lemuel_doored_altar, gup_sewer_entry_spiral

Skill      XL: |  1  2  3  4 |
---------------+-------------+-----
Axes           | 2 3 |  3.0
Fighting       | 4 |  4.4
Armour         | |  3.2
Shields        | |  3.2

Action                   |  1- 3 |  4- 6 || total
-------------------------+-------+-------++-------
Melee: War axe           |   111 |    50 ||   161
  Eat: Chunk             |     1 |     1 ||     2
Armor: Scale mail        |    67 |    22 ||    89
Dodge: Dodged            |    55 |    15 ||    70
Block: Shield            |    69 |    17 ||    86

Table legend:
 A = Non-vault XP
 B = Vault XP
 C = Vault XP percentage of total XP
 D = Non-vault monster count
 E = Vault monster count
 F = Vault count percentage of total count
                 A         B        C        D         E       F
            +---------+---------+-------+---------+---------+-------
      Total |      88 |       2 |   2.2 |      37 |       1 |   2.6
            +---------+---------+-------+---------+---------+-------
        D:1 |      37 |       0 |   0.0 |      17 |       0 |   0.0
        D:2 |      39 |       0 |   0.0 |      15 |       0 |   0.0
        D:3 |      12 |       2 |  14.3 |       5 |       1 |  16.7
            +---------+---------+-------+---------+---------+-------
